 Dungeon Crawl Stone Soup version 0.27.1-16-g815e20cd7a (webtiles) character file.

Game seed: 8040146486353087922

79 zeram the Chiller (level 4, -6/32 HPs)
             Began as a Gnoll Ice Elementalist on Nov 23, 2021.
             Mangled by a scorpion (8 damage)
             ... on level 4 of the Dungeon.
             The game lasted 00:05:11 (4151 turns).

zeram the Chiller (Gnoll Ice Elementalist)          Turns: 4151, Time: 00:05:12

Health: -6/32      AC:  2    Str:  7    XL:     4   Next: 38%
Magic:  8/11       EV: 13    Int: 16    God:
Gold:   73         SH:  0    Dex: 12    Spells: 6/13 levels left

rFire    . . .     SeeInvis .   g - +1 battleaxe (venom)
rCold    . . .     Faith    .   (shield currently unavailable)
rNeg     . . .     Spirit   .   a - +0 robe
rPois    .         Reflect  .   (no helmet)
rElec    .         Harm     .   (no cloak)
rCorr    .         Rampage  .   (no gloves)
Will     .....                  (no boots)
Stlth    ++........             (no amulet)
HPRegen  0.10/turn              (no ring)
MPRegen  0.12/turn              (no ring)

@: lethally poisoned (-6 -> -27), freezing walls
A: fangs 1, strong nose, distributed training
a: no special abilities


You were on level 4 of the Dungeon.
You visited 1 branch of the dungeon, and saw 4 of its levels.

You collected 73 gold pieces.

Inventory:

Hand Weapons
 c - a +0 whip
 e - a +0 dagger
 g - a +1 battleaxe of venom (weapon)
Armour
 a - a +0 robe (worn)
Wands
 d - a wand of polymorph (10)
 i - a wand of digging (4)
Scrolls
 f - 2 scrolls of brand weapon
 j - a scroll of teleportation
 m - a scroll of magic mapping {unknown}
Potions
 b - a potion of curing
 h - a potion of heal wounds {unknown}
 k - a potion of cancellation {unknown}
 l - a potion of attraction {unknown}


   Skills:
 + Level 1.1 Fighting
 + Level 1.1 Short Blades
 + Level 1.1 Long Blades
 + Level 1.1 Axes
 + Level 1.1 Maces & Flails
 + Level 1.1 Polearms
 + Level 1.1 Staves
 + Level 1.1 Slings
 + Level 1.1 Bows
 + Level 1.1 Crossbows
 + Level 1.1 Throwing
 + Level 1.1 Armour
 + Level 4.6 Dodging
 + Level 4.2 Stealth
 + Level 1.1 Shields
 + Level 1.1 Unarmed Combat
 + Level 5.1 Spellcasting
 + Level 0.9 Conjurations
 + Level 0.9 Hexes
 + Level 0.9 Summonings
 + Level 0.9 Necromancy
 + Level 0.9 Translocations
 + Level 0.9 Transmutations
 + Level 0.9 Fire Magic
 + Level 7.1 Ice Magic
 + Level 0.9 Air Magic
 + Level 0.9 Earth Magic
 + Level 0.9 Poison Magic
 + Level 1.2 Invocations
 + Level 1.1 Evocations


You had 6 spell levels left.
You knew the following spells:

 Your Spells              Type           Power      Damage    Failure   Level
a - Freeze                Ice            100%       1d11      1%          1
b - Frozen Ramparts       Ice            52%        1d7       2%          3
c - Ozocubu's Armour      Ice            26%        N/A       2%          3

Your spell library contained the following spells:

 Spells                   Type           Power      Damage    Failure   Level
 Animate Skeleton         Necr           14%        N/A       11%         1
 Apportation              Tloc           14%        N/A       11%         1
 Corona                   Hex            7%         N/A       11%         1
 Summon Small Mammal      Summ           28%        N/A       11%         1
 Slow                     Hex            7%         N/A       16%         2
 Hailstorm                Conj/Ice       17%        3d6       28%         4
 Confusing Touch          Hex            7%         N/A       30%         3
 Yara's Violent Unravell  Hex/Tmut       3%         3d4       96%         5


Dungeon Overview and Level Annotations

Branches:
Dungeon (4/15)
 Temple: D:4-7

Altars:
Xom
Yredelemnul

Annotations:
D:3 3 runed translucent doors, Fractals's ghost, amateur DsMo


Innate Abilities, Weirdness & Mutations

You have very sharp teeth.
Your uncanny sense of smell can sniff out nearby items.
Your experience applies equally to all skills.


Message History

There is a stone staircase leading up here.
There is a stone staircase leading down here.
The kobold shouts! x2; You hear a shout! x2
Fractals's ghost turns its malevolent gaze towards you.
The kobold shouts! x2; You hear a shout!
(D) Dungeon
Where to? (Enter - D:3, ? - help)
The kobold shouts!
There is a stone staircase leading down here.
You climb downwards.
Found 27 stones.
There is a stone staircase leading up here.
A ball python is nearby!
A scorpion comes into view.
The helpless ball python fails to defend itself.
You slash the ball python!
You kill the ball python!
Found 20 gold pieces.
You closely miss the scorpion. The scorpion barely misses you.
The scorpion stings you.
You closely miss the scorpion. The scorpion stings you.
You are poisoned.
The scorpion poisons you! The scorpion stings you.
You are more poisoned.
The scorpion poisons you!
You hit the scorpion but do no damage.
The scorpion is poisoned.
You feel very sick. The scorpion stings you!
You are more poisoned.
The scorpion poisons you! The scorpion stings you.
* * * LOW HITPOINT WARNING * * *
Casting: Frozen Ramparts (dangerous; 2% risk of failure)
Confirm with . or Enter, or press ? or * to list all spells.
Casting: Frozen Ramparts (dangerous; 2% risk of failure)
Press: ? - help, Dir - look around, f - activate The walls around you are covered in ice.
* * * LOW HITPOINT WARNING * * *
You feel very sick.
The wall freezes the scorpion.
The scorpion stings you!
You die...

. ... ## ### $...
#.#.###.##(....
#...<...†......
......##..........
#..## ##@..#.....
. #s..## ....
....... ...
........... ##
#.............#
##.............
#..##..........
##. ...........


You could see a scorpion (very poisoned).

Vanquished Creatures
  3 adders
  A worm (D:3)
  5 endoplasms
  2 giant cockroaches
  3 hobgoblins
  5 jackals
  2 quokkas
  8 ball pythons
  3 bats
  3 frilled lizards
  3 goblins
  6 kobolds
  3 rats
47 creatures vanquished.

Vanquished Creatures (others)
  A fungus (D:3)
  3 plants (D:3)
4 creatures vanquished.

Grand Total: 51 creatures vanquished

Notes
Turn   | Place    | Note
-------+----------+-------------------------------------------
     0 | D:1      | zeram the Gnoll Ice Elementalist began the quest for the
                  | Orb.
     0 | D:1      | Reached XP level 1. HP: 13/13 MP: 6/6
   721 | D:1      | Reached XP level 2. HP: 19/19 MP: 7/7
  1874 | D:2      | Found a faded altar of an unknown god.
  1890 | D:2      | Reached XP level 3. HP: 23/25 MP: 9/9
  1917 | D:2      | Reached skill level 5 in Spellcasting
  2380 | D:2      | Reached skill level 1 in Invocations
  2702 | D:3      | Found a shimmering altar of Xom.
  2702 | D:3      | Found a basalt altar of Yredelemnul.
  3073 | D:3      | Reached skill level 1 in Fighting
  3073 | D:3      | Reached skill level 1 in Short Blades
  3073 | D:3      | Reached skill level 1 in Long Blades
  3073 | D:3      | Reached skill level 1 in Axes
  3073 | D:3      | Reached skill level 1 in Maces & Flails
  3073 | D:3      | Reached skill level 1 in Polearms
  3073 | D:3      | Reached skill level 1 in Staves
  3073 | D:3      | Reached skill level 1 in Slings
  3073 | D:3      | Reached skill level 1 in Bows
  3073 | D:3      | Reached skill level 1 in Crossbows
  3073 | D:3      | Reached skill level 1 in Throwing
  3073 | D:3      | Reached skill level 1 in Armour
  3073 | D:3      | Reached skill level 1 in Shields
  3073 | D:3      | Reached skill level 1 in Unarmed Combat
  3073 | D:3      | Reached skill level 1 in Evocations
  3138 | D:3      | Reached XP level 4. HP: 16/32 MP: 11/11
  3294 | D:3      | Learned a level 3 spell: Frozen Ramparts
  3298 | D:3      | Learned a level 3 spell: Ozocubu's Armour
  3854 | D:3      | Found a runed translucent gate.
  3855 | D:3      | Found a runed translucent gate.
  3855 | D:3      | Found a runed translucent gate.
  3857 | D:3      | Noticed Fractals's ghost (amateur DsMo)
  3862 | D:3      | Noticed a kobold brigand
  4144 | D:4      | Noticed a scorpion
  4151 | D:4      | Mangled by a scorpion

Illustrated notes

Levels and vault maps discovered:
D:1:      minmay_arrival_split_and_join, layout_loops_ring
D:2:      layout_loops_ring, shapermc_ecumenical_altar_flowoftime
D:3:      layout_loops_ring, gammafunk_temple_overflow_elements,
          gammafunk_ghost_nasty_kobolds, chequers_avenue
D:4:      layout_cave_pools, minmay_temple_entry_mini_moons, kennysheep_doodads,
          minmay_close_crescents

Skill      XL: |  1  2  3 |
---------------+----------+-----
Spellcasting   | 5 |  5.1
Invocations    | 1 |  1.2
Fighting       | 1 |  1.1
Short Blades   | 1 |  1.1
Long Blades    | 1 |  1.1
Axes           | 1 |  1.1
Maces & Flails | 1 |  1.1
Polearms       | 1 |  1.1
Staves         | 1 |  1.1
Slings         | 1 |  1.1
Bows           | 1 |  1.1
Crossbows      | 1 |  1.1
Throwing       | 1 |  1.1
Armour         | 1 |  1.1
Shields        | 1 |  1.1
Unarmed Combat | 1 |  1.1
Evocations     | 1 |  1.1
Dodging        | |  4.6
Stealth        | |  4.2
Conjurations   | |  0.9
Hexes          | |  0.9
Summonings     | |  0.9
Necromancy     | |  0.9
Translocations | |  0.9
Transmutations | |  0.9
Fire Magic     | |  0.9
Ice Magic      | |  7.1
Air Magic      | |  0.9
Earth Magic    | |  0.9
Poison Magic   | |  0.9

Action                   |  1- 3 |  4- 6 || total
-------------------------+-------+-------++-------
Melee: Whip              |    14 |       ||    14
       Dagger            |     7 |       ||     7
       Bite              |    11 |       ||    11
       Unarmed           |     3 |       ||     3
       Battleaxe         |    98 |    18 ||   116
 Cast: Freeze            |    14 |       ||    14
       Frozen Ramparts   |       |     4 ||     4
  Use: Potion            |     2 |       ||     2
       Scroll            |     6 |       ||     6
 Stab: Sleeping          |     7 |     2 ||     9
Armor: Robe              |    23 |     2 ||    25
Dodge: Dodged            |   137 |    12 ||   149
